 Dungeon Crawl Stone Soup version 0.30.0-10-gfe55d96785 (webtiles) character file.

Game seed: 1877929662001810621

8344 Persephone the Nimble (level 11, -8/89 HPs)
             Began as a Gnoll Monk on May 15, 2023.
             Was a Believer of Uskayaw.
             Mangled by a white ugly thing (33 damage)
             ... on level 11 of the Dungeon.
             The game lasted 00:24:30 (8673 turns).

Persephone the Nimble (Gnoll Monk)                  Turns: 8673, Time: 00:24:30

Health: -8/89      AC: 17    Str: 15    XL:     11   Next: 29%
Magic:  20/20      EV: 20    Int: 13    God:    Uskayaw [**....]
Gold:   698        SH:  0    Dex: 15    Spells: 22/22 levels left

rFire   . . .        M - +0 morningstar (freeze)
rCold   . . .        d - orb {light}
rNeg    . . .        q - +5 ring mail of Urizineett {+Blink Int+4 Stlth+}
rPois   .            g - +2 hat
rElec   .            (no cloak)
rCorr   .            p - +0 pair of gloves
SInv    .            z - +1 pair of boots
Will    +....        (no amulet)
Stlth   ++           n - +5 ring of evasion
HPRegen 0.34/turn    h - ring of willpower
MPRegen 0.17/turn

%: no passive effects
@: glowing
A: fangs 1, strong nose, distributed training
a: Renounce Religion, Evoke Blink, Stomp, Line Pass


You were on level 11 of the Dungeon.
You worshipped Uskayaw.
Uskayaw was noncommittal.
You visited 1 branch of the dungeon, and saw 11 of its levels.
You also visited: Sewer.

You collected 698 gold pieces.

Inventory:

Hand Weapons
 A - a +2 vampiric whip
 E - a +0 morningstar
 M - a +0 morningstar of freezing (weapon)
Missiles
 H - 3 javelins
Armour
 b - a +0 robe
 d - an orb of light (worn)
 g - a +2 hat (worn)
 p - a +0 pair of gloves (worn)
 q - the +5 ring mail of Urizineett (worn) {+Blink Int+4 Stlth+}
   (You found it on level 2 of the Dungeon)

   Int:       It affects your intelligence (+4).
   +Blink:    It lets you blink.
   Stlth:     It makes you more stealthy.
 z - a +1 pair of boots (worn)
Jewellery
 h - a ring of willpower (right hand)
 n - a +5 ring of evasion (left hand)
 o - a ring of fire
 u - a +5 ring of evasion
Wands
 C - a wand of flame (30)
 G - a wand of polymorph (10)
 I - a wand of light (15)
 K - a wand of roots (10)
 Q - a wand of paralysis (9)
Scrolls
 f - 5 scrolls of blinking
 l - a scroll of amnesia
 m - 7 scrolls of teleportation
 r - 2 scrolls of enchant weapon
 y - a scroll of enchant armour {unknown}
 F - 2 scrolls of vulnerability
 L - 2 scrolls of brand weapon {unknown}
 N - a scroll of summoning
 O - a scroll of identify
Potions
 c - 2 potions of ambrosia
 e - a potion of heal wounds
 i - a potion of lignification
 j - 4 potions of curing
 k - 2 potions of mutation
 s - 3 potions of might
 t - 2 potions of magic
 v - 9 potions of degeneration
 w - a potion of brilliance
 B - a potion of flight
 D - 3 potions of attraction {unknown}
 P - a potion of berserk rage {unknown}
Miscellaneous
 x - a box of beasts (quivered)


   Skills:
 + Level 9.2 Fighting
 + Level 6.4 Short Blades
 + Level 6.4 Long Blades
 + Level 9.2 Axes
 + Level 6.4 Maces & Flails
 + Level 6.4 Polearms
 + Level 6.4 Staves
 + Level 6.4 Ranged Weapons
 + Level 6.4 Throwing
 + Level 6.4 Armour
 + Level 9.2 Dodging
 + Level 6.4 Stealth
 + Level 6.4 Shields
 + Level 6.4 Unarmed Combat
 + Level 6.4 Spellcasting
 + Level 5.3 Conjurations
 + Level 5.3 Hexes
 + Level 5.3 Summonings
 + Level 5.3 Necromancy
 + Level 5.3 Translocations
 + Level 5.3 Transmutations
 + Level 5.3 Fire Magic
 + Level 5.3 Ice Magic
 + Level 5.3 Air Magic
 + Level 5.3 Earth Magic
 + Level 5.3 Poison Magic
 + Level 7.0 Invocations
 + Level 6.4 Evocations


You had 22 spell levels left.
You didn't know any spells.
Your spell library contained the following spells:

 Spells                   Type           Power      Damage    Failure   Level
 Kiss of Death            Conj/Necr      68%        2d10      3%          1
 Confusing Touch          Hex            17%        N/A       10%         3
 Frozen Ramparts          Ice            34%        1d6       10%         3
 Animate Armour           Summ/Erth      34%        N/A       32%         4
 Cause Fear               Hex            8%         N/A       32%         4
 Dispel Undead            Necr           17%        3d10      32%         4
 Ice Form                 Ice/Tmut       17%        N/A       32%         4
 Passage of Golubria      Tloc           17%        N/A       32%         4
 Summon Ice Beast         Ice/Summ       17%        N/A       32%         4
 Blade Hands              Tmut           8%         N/A       67%         5
 Silence                  Hex/Air        8%         N/A       67%         5
 Iron Shot                Conj/Erth      8%         9d3       99%         6
 Dragon Form              Tmut           8%         N/A       100%        7
 Lehudib's Crystal Spear  Conj/Erth      8%         10d4      100%        8
 Dragon's Call            Summ           8%         N/A       100%        9


Dungeon Overview and Level Annotations

Branches:
Dungeon (11/15)            Temple (0/1) D:6            Lair (0/5) D:10
    Orc (0/2) D:9           Sewer (visited)

Altars:
Ashenzari
Cheibriados
Dithmenos
Elyvilon
Qazlal
Uskayaw
Xom
Yredelemnul
Zin
The Shining One

Shops:
D:2 [   D:6 !

Portals:
Trove: D:11 (give 2 scrolls of acquirement)


Innate Abilities, Weirdness & Mutations

You have very sharp teeth.
Your uncanny sense of smell can sniff out nearby items.
Your experience applies equally to all skills.


Message History

You hear the faint crackling of a very distant melting archway.
You hear the beating of a very distant drum.
The gnoll completely misses you.
Uskayaw will force your foes to share their pain.
You hit the gnoll. You freeze the gnoll.
The gnoll is severely wounded.
The gnoll completely misses you.
You sock the gnoll! You freeze the gnoll.
You kill the gnoll!
Items here: ))) †.
You hear the faint crackling of a very distant melting archway.
You hear the beating of a very distant drum.
You hear the faint crackling of a very distant melting archway.
You hear the loud beating of a very distant drum.
Key pressed, stopping explore.
You see here a +0 flail.
Found a stone staircase leading up.
Found a stone staircase leading down.
A wyvern comes into view.
Found a portal to a secret trove of treasure.
The wyvern barely misses you. The wyvern bites you!
You barely miss the wyvern. The wyvern completely misses you.
The white ugly thing gurgles horribly!
You hit the wyvern. You freeze the wyvern. Your bite misses the wyvern.
The wyvern is lightly wounded.
The wyvern bites you. The wyvern closely misses you.
You hit the wyvern. You freeze the wyvern.
You bite the wyvern, but do no damage.
The wyvern is lightly wounded.
You hear the crackling of a very distant melting archway.
You hear the loud beating of a very distant drum.
The wyvern closely misses you. The wyvern bites you!
You puncture the wyvern! You freeze the wyvern.
You kill the wyvern!
You can now pass through a line of other dancers.
The white ugly thing stings you. The white ugly thing freezes you!!
You barely miss the white ugly thing. The white ugly thing stings you!
* * * LOW HITPOINT WARNING * * *
The white ugly thing freezes you!!
You die...

,*,,,,,..........####..***,*
**,,***#..#.......##...**,**
,,,** *...###..........*,**
,,,** *..** #..........,,*
**,,***,,* ##..######..**
*,,,,,,,* ##.## **..#*
*,,,,,,,* #...###..##
**,,***,,** ##.†.......#*
*,,** **,,**#...@....#..*
,,,,* **,,#....u....8..*
,,,,* *...........8.8.* ***
**,,* ***..........8.∩.8* *,*
**,,***,..##...###..8.8.***,*
**,,,,,,.#*#...,**#..8..**,,*
,*,,,,,,,**#...,,,,.....,,,,*
,,,,,,,,***....,,,,.....*****
,,,,*,,,**,,,,,,**,,,,,**


You could see a white ugly thing.

Vanquished Creatures
  2 two-headed ogres (D:10)
  Pikel (D:7)
  3 slime creatures (D:10)
  A komodo dragon (D:11)
  2 wyverns
  6 yaks (D:10)
  A steam dragon (D:9)
  Menkaure (D:4)
  An acid dragon (D:9)
  2 water moccasins
  An ice beast (D:5)
  5 sky beasts
  Pargi (Sewer)
  5 orc warriors (D:9)
  2 ogres (D:7)
  A black bear (D:7)
  3 centaurs
  4 phantoms
  4 kobold brigands
  2 bullfrogs
  3 gnoll sergeants
  2 scorpions
  3 wights (D:8)
  5 orc priests
  A gnoll bouda (D:3)
  2 iguanas
  2 sleepcaps
  Natasha (thrice) (D:2)
  10 orc wizards
  A mummy (D:9)
  9 adders
  15 gnolls
  2 ufetubi
  2 worms
  3 dart slugs
  39 orcs
  7 ball pythons
  6 bats
  3 endoplasms
  2 giant cockroaches
  3 goblins
  7 hobgoblins
  7 jackals
  30 kobolds
  5 quokkas
  3 frilled lizards
  9 rats
232 creatures vanquished.

Vanquished Creatures (collateral kills)
  A sky beast (D:7)
  An orc warrior (D:7)
  2 lemures (D:7)
  A wight (D:8)
  An orc priest (D:7)
  2 orc wizards (D:7)
  2 orcs
10 creatures vanquished.

Vanquished Creatures (others)
  A swamp drake (D:9)
  A bullfrog (D:9)
  An orc wizard (D:9)
  An orc (D:9)
4 creatures vanquished.

Grand Total: 246 creatures vanquished

Notes
Turn   | Place    | Note
-------+----------+-------------------------------------------
     0 | D:1      | Persephone the Gnoll Monk began the quest for the Orb.
     0 | D:1      | Reached XP level 1. HP: 23/23 MP: 1/1
   108 | D:1      | Reached XP level 2. HP: 29/29 MP: 2/2
   286 | D:1      | Reached XP level 3. HP: 35/35 MP: 3/3
   542 | D:1      | Reached skill level 1 in Invocations
   799 | D:2      | Noticed Natasha
   812 | D:2      | Killed Natasha
   813 | D:2      | Reached skill level 1 in Short Blades
   813 | D:2      | Reached skill level 1 in Long Blades
   813 | D:2      | Reached skill level 1 in Maces & Flails
   813 | D:2      | Reached skill level 1 in Polearms
   813 | D:2      | Reached skill level 1 in Staves
   813 | D:2      | Reached skill level 1 in Ranged Weapons
   813 | D:2      | Reached skill level 1 in Throwing
   813 | D:2      | Reached skill level 1 in Armour
   813 | D:2      | Reached skill level 1 in Stealth
   813 | D:2      | Reached skill level 1 in Shields
   813 | D:2      | Reached skill level 1 in Unarmed Combat
   813 | D:2      | Reached skill level 1 in Spellcasting
   813 | D:2      | Reached skill level 1 in Evocations
   813 | D:2      | Reached XP level 4. HP: 13/41 MP: 5/5
  1082 | D:2      | Found Jaxtud's Antique Armour Emporium.
  1185 | D:2      | Noticed Natasha
  1195 | D:2      | Killed Natasha
  1196 | D:2      | Reached skill level 1 in Conjurations
  1196 | D:2      | Reached skill level 1 in Hexes
  1196 | D:2      | Reached skill level 1 in Summonings
  1196 | D:2      | Reached skill level 1 in Necromancy
  1196 | D:2      | Reached skill level 1 in Translocations
  1196 | D:2      | Reached skill level 1 in Transmutations
  1196 | D:2      | Reached skill level 1 in Fire Magic
  1196 | D:2      | Reached skill level 1 in Ice Magic
  1196 | D:2      | Reached skill level 1 in Air Magic
  1196 | D:2      | Reached skill level 1 in Earth Magic
  1196 | D:2      | Reached skill level 1 in Poison Magic
  1198 | D:2      | Identified the +5 ring mail of Urizineett {+Blink Int+4
                  | Stlth+}
  1275 | D:2      | Noticed Natasha
  1297 | D:2      | Killed Natasha
  1298 | D:2      | Reached XP level 5. HP: 47/47 MP: 5/7
  1985 | D:3      | Reached XP level 6. HP: 52/53 MP: 8/8
  2029 | D:4      | Found a glowing drain.
  2038 | Sewer    | Entered a sewer
  2055 | Sewer    | Noticed Pargi
  2066 | Sewer    | Killed Pargi
  2366 | D:4      | Noticed Menkaure
  2382 | D:4      | Killed Menkaure
  2383 | D:4      | Reached XP level 7. HP: 17/60 MP: 10/10
  2867 | D:5      | Entered Level 5 of the Dungeon
  3146 | D:5      | Reached XP level 8. HP: 55/67 MP: 12/12
  3269 | D:5      | Found a shimmering altar of Xom.
  3479 | D:5      | Found a hide-covered altar of Uskayaw.
  3505 | D:5      | Became a worshipper of Uskayaw the Reveller
  3505 | D:5      | Reached * piety under Uskayaw
  3670 | D:6      | Found Xiror's Distillery.
  3691 | D:6      | Reached ** piety under Uskayaw
  3701 | D:6      | Reached *** piety under Uskayaw
  3748 | D:6      | Reached **** piety under Uskayaw
  4005 | D:6      | Found a staircase to the Ecumenical Temple.
  4186 | D:7      | Noticed Pikel
  4196 | D:7      | Killed Pikel
  4197 | D:7      | Reached XP level 9. HP: 73/73 MP: 13/15
  4214 | D:7      | Reached ***** piety under Uskayaw
  4350 | D:7      | Found a glowing silver altar of Zin.
  4469 | D:7      | Reached skill level 5 in Invocations
  4481 | D:7      | Found a shadowy altar of Dithmenos.
  4981 | D:8      | Found a basalt altar of Yredelemnul.
  5289 | D:8      | Reached skill level 5 in Short Blades
  5289 | D:8      | Reached skill level 5 in Long Blades
  5289 | D:8      | Reached skill level 5 in Maces & Flails
  5289 | D:8      | Reached skill level 5 in Polearms
  5289 | D:8      | Reached skill level 5 in Staves
  5289 | D:8      | Reached skill level 5 in Ranged Weapons
  5289 | D:8      | Reached skill level 5 in Throwing
  5289 | D:8      | Reached skill level 5 in Armour
  5289 | D:8      | Reached skill level 5 in Stealth
  5289 | D:8      | Reached skill level 5 in Shields
  5289 | D:8      | Reached skill level 5 in Unarmed Combat
  5289 | D:8      | Reached skill level 5 in Spellcasting
  5289 | D:8      | Reached skill level 5 in Evocations
  5293 | D:8      | Reached XP level 10. HP: 75/81 MP: 17/17
  5779 | D:8      | Found a glowing golden altar of the Shining One.
  6047 | D:9      | Found a white marble altar of Elyvilon.
  7077 | D:9      | Found a snail-covered altar of Cheibriados.
  7347 | D:9      | Found a staircase to the Orcish Mines.
  7602 | D:10     | Entered Level 10 of the Dungeon
  7607 | D:10     | Found a stormy altar of Qazlal.
  7710 | D:10     | Noticed a two-headed ogre
  7754 | D:10     | HP: 4/82 [two-headed ogre/+0 giant club (29)]
  7755 | D:10     | Killed a two-headed ogre
  8013 | D:10     | Noticed a two-headed ogre
  8021 | D:10     | Killed a two-headed ogre
  8022 | D:10     | Reached skill level 5 in Conjurations
  8022 | D:10     | Reached skill level 5 in Hexes
  8022 | D:10     | Reached skill level 5 in Summonings
  8022 | D:10     | Reached skill level 5 in Necromancy
  8022 | D:10     | Reached skill level 5 in Translocations
  8022 | D:10     | Reached skill level 5 in Transmutations
  8022 | D:10     | Reached skill level 5 in Fire Magic
  8022 | D:10     | Reached skill level 5 in Ice Magic
  8022 | D:10     | Reached skill level 5 in Air Magic
  8022 | D:10     | Reached skill level 5 in Earth Magic
  8022 | D:10     | Reached skill level 5 in Poison Magic
  8022 | D:10     | Reached XP level 11. HP: 64/89 MP: 18/20
  8226 | D:10     | Found a broken altar of Ashenzari.
  8268 | D:10     | Found a staircase to the Lair.
  8498 | D:11     | Noticed a white ugly thing
  8664 | D:11     | Found a portal to a secret trove of treasure.
  8673 | D:11     | Mangled by a white ugly thing

Illustrated notes

Levels and vault maps discovered:
D:1:      matt_arrival_debris, layout_basic
D:2:      layout_rooms, serial_shops, nicolae_shop_tiny_real_fake_doors,
          serial_rivers, chequers_serial_rivers_micro_b,
          chequers_serial_rivers_micro_d, chequers_serial_rivers_micro_e,
          chequers_serial_rivers_micro_e, chequers_serial_rivers_room_a,
          kennysheep_another_room, hangedman_abyss_or_decor_stabs, uniq_natasha
D:3:      layout_loops_ring, serial_bayou_pond_b, minmay_misc_feat_enclosed,
          minmay_misc_feat_iff, corexii_corridor_pit
D:4:      layout_cave_pools, portal_sewer_entry_b, uniq_menkaure
D:5:      layout_loops_ring, old_standard_altar, kennysheep_mini
D:6:      layout_rooms, minmay_temple_entry_tees, serial_shops, shop
D:7:      layout_basic, marbit_many_paths, overflow_temple_1_default, uniq_pikel
D:8:      layout_cave_pools, general_overflow_altar, tso_oasis_becter,
          serial_bayou_pond_d, minmay_starry_boxes
D:9:      layout_roguey, slow_altar_2, nicolae_elyvilon_peaceful_grove,
          erik_orc_1, grunt_ministairs_11, minivault_16, glass_columns_c
D:10:     layout_rooms, nicolae_overflow_crystal_walls,
          mainiacjoe_overflow_tiny_flanked, dpeg_oklobed_lair,
          hangedman_glass_teeth
D:11:     layout_layer_cave, portal_ice_cave_demonic_guard, enter_trove_2,
          gauntlet_entry_generic, st_stairs_3

Skill      XL: |  1  2  3  4  5  6  7  8  9 10 11 |
---------------+----------------------------------+-----
Invocations    | 1 2 3 4 5 6 7 |  7.0
Short Blades   | 1 2 3 4 5 6 |  6.4
Long Blades    | 1 2 3 4 5 6 |  6.4
Maces & Flails | 1 2 3 4 5 6 |  6.4
Polearms       | 1 2 3 4 5 6 |  6.4
Staves         | 1 2 3 4 5 6 |  6.4
Ranged Weapons | 1 2 3 4 5 6 |  6.4
Throwing       | 1 2 3 4 5 6 |  6.4
Armour         | 1 2 3 4 5 6 |  6.4
Stealth        | 1 2 3 4 5 6 |  6.4
Shields        | 1 2 3 4 5 6 |  6.4
Unarmed Combat | 1 2 3 4 5 6 |  6.4
Spellcasting   | 1 2 3 4 5 6 |  6.4
Evocations     | 1 2 3 4 5 6 |  6.4
Conjurations   | 1 2 3 4 5 |  5.3
Hexes          | 1 2 3 4 5 |  5.3
Summonings     | 1 2 3 4 5 |  5.3
Necromancy     | 1 2 3 4 5 |  5.3
Translocations | 1 2 3 4 5 |  5.3
Transmutations | 1 2 3 4 5 |  5.3
Fire Magic     | 1 2 3 4 5 |  5.3
Ice Magic      | 1 2 3 4 5 |  5.3
Air Magic      | 1 2 3 4 5 |  5.3
Earth Magic    | 1 2 3 4 5 |  5.3
Poison Magic   | 1 2 3 4 5 |  5.3
Fighting       | 7 8 9 |  9.2
Axes           | 7 8 9 |  9.2
Dodging        | 7 8 9 |  9.2

Action                     |  1- 3 |  4- 6 |  7- 9 | 10-12 || total
---------------------------+-------+-------+-------+-------++-------
  Melee: Hand axe          |    91 |    70 |       |       ||   161
         Bite              |     8 |    32 |    54 |    45 ||   139
         Flail             |       |    97 |       |       ||    97
         Dagger            |       |    41 |   129 |       ||   170
         Trident           |       |    20 |       |       ||    20
         Whip              |       |       |   117 |       ||   117
         Morningstar       |       |       |   121 |   270 ||   391
 Invoke: Stomp             |       |       |     4 |    17 ||    21
  Evoke: Box of beasts     |       |       |     2 |     1 ||     3
    Use: Scroll            |       |     7 |     3 |     9 ||    19
         Potion            |       |     2 |       |     3 ||     5
   Stab: Sleeping          |       |     2 |     2 |     1 ||     5
         Paralysed         |       |       |     9 |     9 ||    18
 Armour: Robe              |    16 |     5 |       |       ||    21
         Ring mail         |       |    93 |   124 |   132 ||   349
  Dodge: Dodged            |    73 |   303 |   388 |   415 ||  1179
  Block: Kite shield       |       |       |       |    88 ||    88
